 Dungeon Sprint DCSS version 0.21.1-1-g345015f (webtiles) character file.

14 doot the Cudgeler (level 5, -6/59 HPs)
             Began as a Troll Berserker on June 12, 2018.
             Was a Priest of Trog.
             Mangled by a porcupine (11 damage)
             ... in the Dungeon (Sprint VI: "Thunderdome").
             The game lasted 00:02:08 (211 turns).

doot the Cudgeler (Troll Berserker)                  Turns: 211, Time: 00:02:09

Health: -6/59      AC:  5    Str: 28    XL:     5   Next: 33%
Magic:  4/4        EV: 12    Int:  3    God:    Trog [***...]
Gold:   40         SH:  0    Dex:  9    Spells: 4/4 levels left

rFire    . . .     SeeInvis +   a - +0 mace
rCold    + + .     Gourm    +   (no shield)
rNeg     . . .     Faith    .   b - +0 animal skin
rPois    .         Spirit   .   (helmet restricted)
rElec    .         Reflect  .   (no cloak)
rCorr    +         Harm     .   (gloves unavailable)
MR       ++...     NoTele   +   (boots unavailable)
Stlth    +.........             o - amulet "Zixesh" {Gourm +Blink rC+}
HPRegen  1.59/turn              q - ring of Autumn {rCorr SInv}
MPRegen  0.09/turn              p - ring of Torch {rC+ Str+2}

@: berserk cooldown, regenerating, slowed, very slow
A: large, unfitting armour, claws 3, fast metabolism 3, gourmand, regeneration
1, shaggy fur 1, tough skin 2
a: Berserk, Trog's Hand, Burn Spellbooks, Renounce Religion, Evoke Blink


You were in the Dungeon.
You worshipped Trog.
Trog was most pleased with you.
You were not hungry.

You visited 1 branch You collected 220 gold pieces.
You spent 180 gold pieces at shops.

Inventory:

Hand Weapons
 a - a +0 mace (weapon)
Armour
 b - a +0 animal skin (worn)
Jewellery
 n - the ring "Tezxej" {+Blink rPois rC+ Int+4 Slay-6}
   (You bought it in a shop in the Dungeon)

   [ring of poison resistance]

   It affects your intelligence (+4).
   It affects your accuracy and damage with ranged weapons and melee attacks
   (-6).
   It protects you from cold.
   It protects you from poison.
   It lets you blink.
 o - the amulet "Zixesh" (around neck) {Gourm +Blink rC+}
   (You bought it in a shop in the Dungeon)

   [amulet of the gourmand]

   It allows you to eat raw meat even when not hungry.
   It protects you from cold.
   It lets you blink.
 p - the ring of Torch (right claw) {rC+ Str+2}
   (You bought it in a shop in the Dungeon)

   [ring of protection from cold]

   It affects your strength (+2).
   It protects you from cold.
 q - the ring of Autumn (left claw) {rCorr SInv}
   (You bought it in a shop in the Dungeon)

   [ring of resist corrosion]

   It lets you see invisible.
Wands
 k - a wand of acid (5)
 l - a wand of iceblast (5)
Scrolls
 i - 4 scrolls of blinking
 m - 3 scrolls of fog
Potions
 e - 4 potions of heal wounds
 f - 4 potions of haste
 g - 2 potions of magic
 h - a potion of berserk rage
 j - a potion of resistance
Comestibles
 c - 2 rations


   Skills:
 + Level 5.8 Fighting
 + Level 6.6 Maces & Flails
 + Level 5.7 Dodging


You had 4 spell levels left.
You didn't know any spells.

Dungeon Overview and Level Annotations

Branches:
Dungeon (1/1)

Altars:
Cheibriados
Dithmenos
Fedhas
Gozag
Kikubaaqudgha
Makhleb
Okawaru
Qazlal
Ru
Sif Muna
Trog
Uskayaw
Vehumet
Wu Jian
Xom
Yredelemnul
Zin
The Shining One
Beogh
Jiyva
Lugonu

Shops:
D *[%??*?*:[((!!!!

Annotations:
D Purgy


Innate Abilities, Weirdness & Mutations

You are too large for most types of armour.
You have claws for hands.
Your metabolism is lightning-fast.
You like to eat raw meat.
Your natural rate of healing is unusually fast.
You are covered in fur. (AC +1)
You have very tough skin. (AC +2)


Message History

You barely miss the porcupine. The porcupine bites you.
The porcupine misses you.
You are struck by the porcupine's spines.
* * * LOW HITPOINT WARNING * * *
You sock the porcupine!
The porcupine is heavily wounded.
The porcupine bites you!
* * * LOW HITPOINT WARNING * * *
The porcupine closely misses you.
A river rat comes into view.
The porcupine barely misses you. The porcupine bites you!
* * * LOW HITPOINT WARNING * * *
Your skin crawls.
You feel resistant to hostile enchantments.
You feel somewhat more hungry. The porcupine bites you.
* * * LOW HITPOINT WARNING * * *
Unknown command.
The porcupine bites you!
You die...

#⌠...........⌠#
######.8.........8.######
##∩_._......###......___∩##
##∩........8.# #.8........∩###
.............###.............##
.........T###...###..........⌠#
..........# #.r.# #..........⌠#
..........###Trr###..........⌠#
.............###@)...........##
##∩........8.# #.8........∩###
##∩__.......###......___∩##
######.8.....[...8.######
#⌠...........⌠# ###.........###
#_......._# #_......._#
#_........#


You could see Purgy, a porcupine and 2 rats.

Vanquished Creatures
  Sigmund (D)
  Jessica (D)
  A worm (D)
  A goblin (D)
  A frilled lizard (D)
  A jackal skeleton (D)
6 creatures vanquished.

Notes
Turn   | Place    | Note
-------+----------+-------------------------------------------
     0 | D        | doot the Troll Berserker began the quest for the Orb.
     0 | D        | Reached XP level 1. HP: 22/22 MP: 0/0
     0 | D        | Found a deep blue altar of Sif Muna.
     0 | D        | Found an opulent altar of Gozag.
     1 | D        | Found a roughly hewn altar of Beogh.
     5 | D        | Round 1.
     7 | D        | Found a glowing golden altar of the Shining One.
     7 | D        | Found a viscous altar of Jiyva.
     8 | D        | Found Ocuagap's Delicious Food.
     8 | D        | Found a bloodstained altar of Trog.
     8 | D        | Found Xamen's Identification Station.
     9 | D        | Found Fofo's Jewellery.
     9 | D        | Found Esill's Advanced Armour.
    21 | D        | Bought a bound copper ring for 45 gold pieces
    21 | D        | Bought a sparkling steel amulet for 45 gold pieces
    21 | D        | Bought a vibrating copper ring for 45 gold pieces
    21 | D        | Identified the ring "Tezxej" {+Blink rPois rC+ Int+4 Slay-6} (You bought it in a shop in the Dungeon)
    22 | D        | Identified the amulet "Zixesh" {Gourm +Blink rC+} (You bought it in a shop in the Dungeon)
    23 | D        | Identified the ring of Torch {rC+ Str+2} (You bought it in a shop in the Dungeon)
    24 | D        | Bought a glittering brass ring for 45 gold pieces
    25 | D        | Identified the ring of Autumn {rCorr SInv} (You bought it in a shop in the Dungeon)
    29 | D        | Found a burning altar of Makhleb.
    30 | D        | Found a hide-covered altar of Uskayaw.
    31 | D        | Found a blossoming altar of Fedhas.
    32 | D        | Found Nikokh's Premium Goods.
    33 | D        | Found Kixkoudue's Miscellaneous Merchandise.
    33 | D        | Found Vemiebbur's Basic Armour.
    34 | D        | Found a radiant altar of Vehumet.
    34 | D        | Found an ornate altar of the Wu Jian Council.
    34 | D        | Found Genoge's Weapon Rack.
    35 | D        | Noticed Sigmund
    45 | D        | Killed Sigmund
    45 | D        | Reached ** piety under Trog
    45 | D        | Reached skill level 5 in Fighting
    45 | D        | Reached skill level 6 in Maces & Flails
    45 | D        | Reached skill level 5 in Dodging
    45 | D        | Reached XP level 2. HP: 35/35 MP: 1/1
    45 | D        | Reached XP level 3. HP: 42/42 MP: 2/2
    45 | D        | Reached XP level 4. HP: 50/50 MP: 3/3
    45 | D        | Reached XP level 5. HP: 57/57 MP: 4/4
    47 | D        | Found an ancient bone altar of Kikubaaqudgha.
    48 | D        | Found a shimmering altar of Xom.
    49 | D        | Found a snail-covered altar of Cheibriados.
    53 | D        | Found a glowing silver altar of Zin.
    54 | D        | Found Oleffoqo's Do-It-Yourself Clinic.
    54 | D        | Found an iron altar of Okawaru.
    54 | D        | Found a basalt altar of Yredelemnul.
    54 | D        | Found Orakhaim's Distillery.
    74 | D        | Found a stormy altar of Qazlal.
    75 | D        | Found a corrupted altar of Lugonu.
    75 | D        | Found a shadowy altar of Dithmenos.
    75 | D        | Found a sacrificial altar of Ru.
    75 | D        | Found Guvareg's Magic Scroll Shop.
    75 | D        | Found Tauhuasu's Staff Store.
    76 | D        | Found Moneaf's Magic Scroll Shop.
    76 | D        | Found Sepurute's Must-Have Magic.
    86 | D        | Found Leweupon's Distillery.
    86 | D        | Found Taceegri's Bottled Wisdom.
   129 | D        | Noticed Jessica
   138 | D        | Killed Jessica
   182 | D        | Reached *** piety under Trog
   182 | D        | Arena points: 14 (+14) [x2]
   196 | D        | Round 2.
   196 | D        | Noticed Purgy
   197 | D        | Noticed a porcupine
   209 | D        | HP: 2/59 [porcupine (8)]
   211 | D        | Mangled by a porcupine

Skill      XL: |  1 |
---------------+----+-----
Fighting       | 5 |  5.8
Maces & Flails | 6 |  6.6
Dodging        | 5 |  5.7

Action                   |  1- 3 |  4- 6 || total
-------------------------+-------+-------++-------
Melee: Mace              |     7 |    11 ||    18
Invok: Berserk           |     1 |     1 ||     2
       Trog's Hand       |       |     1 ||     1
  Use: Potion            |     1 |       ||     1
  Eat: Chunk             |       |     2 ||     2
Armor: Animal skin       |     4 |     1 ||     5
Dodge: Dodged            |     7 |    10 ||    17
